AoeStats
← happyhoeker

Migration

510065101Analyzed
1v1 RM · 2d ago on Sep 29, 2026· 38m 5s· 2 players
Game mode
Random Map
Map size
132×132
Population
200
Speed
Normal
Resources
Standard
Victory
Conquest
Starting age
Dark Age
Ending age
Imperial Age
RankedLock teamsTeams togetherTeam positionsShared explorationLock speedFull tech treeHidden civsTurbo modeCheats
Victory
Defeat
🇦🇺 Varangians · Australia
1176
+18
🇳🇱 Italians · Netherlands
1214
-18
PTL_Froth Goblin
11:45 Feudal Age
13:41 Loom
15:59 Castle Age
14:49 Fishing Lines
15:48 Fletching
16:52 Double-Bit Axe
18:11 Bodkin Arrow
19:10 Town Watch
19:58 Gillnets
20:49 Bow Saw
21:22 Scale Barding Armor
22:10 Medium Warships
22:37 Bloodlines
29:10 Scale Mail Armor
29:28 Horse Collar
30:23 Heavy Plow
31:44 Chain Mail Armor
31:40 Forging
32:29 Wheelbarrow
36:29 Imperial Age
34:16 Hand Cart
33:59 Gambesons
34:16 Squires
36:06 Iron Casting
35:25 Arson
37:38 Conscription
36:54 Elite Varangian Guard
37:32 Gothikon
38:58 Plate Mail Armor
happyhoeker
5:35 Loom
12:06 Feudal Age
12:53 Fishing Lines
15:52 Double-Bit Axe
18:56 Fletching
21:09 Castle Age
19:58 Gold Mining
20:35 Forging
21:49 Bodkin Arrow
22:07 Medium Warships
21:52 Gillnets
25:58 Wheelbarrow
26:57 Bloodlines
26:48 Husbandry
27:15 Scale Barding Armor
35:25 Padded Archer Armor
36:24 Leather Archer Armor
Connection lost

Rejoining the realm…

Still unreachable

The connection could not be restored.

Session expired

The server has moved on; the page needs a fresh start.